 Dungeon Crawl Stone Soup version 0.32-a0-616-g9348d4545b (console) character file.

Game seed: 12411009192965216720

2 petzl the Sneak (level 1, -2/18 HPs)
             Began as a Formicid Delver on Mar 6, 2024.
             Was an Initiate of Vehumet.
             Slain by a gnoll
             ... wielding a +0 spear
              (5 damage)
             ... on level 3 of the Dungeon.
             The game lasted 00:01:40 (324 turns).

petzl the Sneak (Formicid Delver)                    Turns: 324, Time: 00:01:40

Health: -2/18      AC:  3    Str: 16    XL:     1   Next: 44%
Magic:  1/1        EV: 12    Int: 15    God:    Vehumet [......]
Gold:   101        SH:  0    Dex: 15    Spells: 0/0 levels left

rFire   . . .        a - +0 mace
rCold   . . .        (no shield)
rNeg    . . .        b - +0 leather armour
rPois   .            (helmet unavailable)
rElec   .            (no cloak)
rCorr   .            (no gloves)
SInv    +            (no boots)
Will    .....        (no amulet)
Stlth   +++          h - +6 ring of intelligence
HPRegen 0.23/turn    (no ring)
MPRegen 0.07/turn

%: no passive effects
@: no status effects
A: permanent stasis, dig shafts and tunnels, antennae 3, four strong arms
a: Dig, Shaft Self, Renounce Religion


You were on level 3 of the Dungeon.
You worshipped Vehumet.
Vehumet was noncommittal.
You visited 2 branches of the dungeon, and saw 4 of its levels.

You collected 101 gold pieces.

Inventory:

Hand Weapons
 a - a +0 mace (weapon)
Armour
 b - a +0 leather armour (worn)
Jewellery
 h - a +6 ring of intelligence (left hand)
Wands
 f - a wand of digging (3)
Scrolls
 c - a scroll of fog
 d - a scroll of revelation
 e - a scroll of identify {unknown}
Potions
 g - a potion of lignification {unknown}


   Skills:
 + Level 3.3 Fighting
 + Level 2.0 Maces & Flails
 + Level 1.8 Dodging
 + Level 6.0 Stealth


You couldn't memorise any spells.
You didn't know any spells.
Your spell library was empty.

Dungeon Overview and Level Annotations

Branches:
Dungeon (5/15)             Temple (1/1) D:4

Altars:
Gozag
Hepliaklqana
Makhleb
Uskayaw
Vehumet
Xom
Yredelemnul


Innate Abilities, Weirdness & Mutations

You cannot be hasted, slowed, berserked, paralysed or teleported.
You can dig through walls and to a lower floor.
You have a pair of large antennae on your head. (SInv)
Your four strong arms can wield two-handed weapons with a shield.


Message History

Really walk into that dispersal trap?
You enter a dispersal trap!
The gnoll blinks! x5
You feel a strange sense of stasis.
A ball python comes into view.
There is a dispersal trap here.
A goblin comes into view. It is wielding a +0 dagger.
A gnoll comes into view. It is wielding a +0 spear.
The gnoll attacks as it pursues you! The gnoll closely misses you.
Really walk into that dispersal trap?
You enter a dispersal trap!
The ball python blinks!
The gnoll blinks!
The ball python blinks!
The goblin blinks!
The gnoll blinks! x2
You feel a strange sense of stasis.
There is a dispersal trap here.
The goblin shouts!
The gnoll shouts!
The ball python enters a dispersal trap!
The gnoll blinks! x4; The goblin blinks!
The gnoll blinks!
You feel a strange sense of stasis.
The ball python blinks!
Really walk into that dispersal trap?
You enter a dispersal trap!
The gnoll blinks! x2; The ball python blinks!
The goblin blinks!
The gnoll blinks! x2; You feel a strange sense of stasis.
There is a dispersal trap here.
You hit the ball python.
You kill the ball python!
Vehumet accepts your kill.
The gnoll shouts!
The gnoll enters a dispersal trap!
The gnoll blinks!
The goblin blinks!
The gnoll blinks! x2; You feel a strange sense of stasis.
The gnoll blinks!
The gnoll hits you with a +0 spear.
You hit the gnoll but do no damage. The gnoll misses you.
You hit the gnoll.
The gnoll is moderately wounded.
The gnoll barely misses you.
Unknown command.
You barely miss the gnoll.
The gnoll is moderately wounded.
The gnoll hits you with a +0 spear!
The gnoll hits you from afar with a +0 spear.
* * * LOW HITPOINT WARNING * * *
The gnoll hits you with a +0 spear.
You die...

#.........# ".
#.........# ...
#.........### #..
##.......... #.#
#.........# #...
#.........#
####..####.........#
...................###..
######.................
.######.).........######
.......>..##.....##
#######.....<....#
##########.g.#####.....
.....g.gg^@.## ######
#...%...g##.#
#......###.# #...$.##
#.# { #.>..? #.. {
g...... ##. ##..... #.
#..... . ######


You could see 4 gnolls and a goblin.

Vanquished Creatures
  A ball python (D:3)
  An endoplasm (D:4)
2 creatures vanquished.

Notes
Turn   | Place    | Note
-------+----------+-------------------------------------------
     0 | D:5      | petzl the Formicid Delver began the quest for the Orb.
     0 | D:5      | Reached XP level 1. HP: 18/18 MP: 1/1
    33 | D:5      | Noticed an orc priest
    47 | D:5      | Noticed a centaur
   165 | D:4      | Found a staircase to the Ecumenical Temple.
   173 | Temple   | Entered the Ecumenical Temple
   198 | Temple   | Became a worshipper of Vehumet
   324 | D:3      | Slain by a gnoll

Illustrated notes

Levels and vault maps discovered:
D:3:      layout_rooms, nicolae_overflow_crystal_walls,
          nicolae_kikubaaqudgha_miasma_corner
D:4:      layout_gridville, kennysheep_mini, minmay_temple_entry_tees,
          portal_sewer_entry_d
D:5:      layout_basic, overflow_temple_1_default, trog_wizard, uniq_duvessa,
          uniq_crazy_yiuf_cottage, uniq_eustachio, uniq_blork_the_orc,
          uniq_menkaure
Temple:   hellmonk_temple_beads

Action                     || total
---------------------------++-------
  Melee: Mace              ||     8
    Use: Scroll            ||     1
 Armour: Leather armour    ||     7
  Dodge: Dodged            ||     4

Table legend: (Time is in decaauts)
 A = Elapsed time spent in this place.
 B = Non-inter-level travel time spent in this place.
 C = Inter-level travel time spent in this place.
 D = Time resting spent in this place.
 E = Time spent auto-exploring this place.
 F = Levels seen in this place.
 G = Mean time per level.
                   A        B        C        D        E       F      G
               +--------+--------+--------+--------+--------+-----+--------+
         Total |    325 |    276 |     49 |     60 |     95 |   4 |   81.2 |
       Dungeon |    274 |    274 |      0 |     60 |     95 |   3 |   91.3 |
        Temple |     50 |      1 |     49 |      0 |      0 |   1 |   50.0 |
               +--------+--------+--------+--------+--------+-----+--------+

Top non-repeatable levels by time:
     D:4: 166 daAuts
     D:5: 59 daAuts
  Temple: 50 daAuts
     D:3: 49 daAuts
